 Dungeon Crawl Stone Soup version 0.20.0-15-g7f486f2 (webtiles) character file.

4903 Peloso the Carver (level 10, -10/88 HPs)
             Began as a Minotaur Fighter on June 22, 2017.
             Was an Initiate of Okawaru.
             Mangled by an orc warrior
             ... wielding a +0 halberd
              (22 damage)
             ... in a bailey.
             The game lasted 00:22:39 (7306 turns).

Peloso the Carver (Minotaur Fighter)                Turns: 7306, Time: 00:22:40

Health: -10/88     AC: 13    Str: 23    XL:     10   Next: 27%
Magic:  9/9        EV: 12    Int:  5    God:    Okawaru [......]
Gold:   198        SH: 12    Dex: 11    Spells: 9/9 levels left

rFire    + . .     SeeInvis .   a - +1 long sword
rCold    + . .     Gourm    .   c - +0 shield
rNeg     . . .     Faith    .   i - +0 chain mail
rPois    +         Spirit   .   A - +1 hat
rElec    .         Reflect  .   F - scarf {rC+ rF+}
rCorr    .         Harm     .   (no gloves)
MR       .....                  k - +0 pair of boots
Stlth    ..........             x - amulet of regeneration
Regen    0.7/turn               C - +3 ring of evasion
MPRegen  0.2/turn               r - ring of poison resistance

@: hasted, drained, very quick
A: retaliatory headbutt, horns 2
a: Renounce Religion


You were in a bailey.
You worshipped Okawaru.
Okawaru was noncommittal.
You were near starving.

You visited 2 branches of the dungeon, and saw 10 of its levels.
You also visited: Bailey.

You collected 461 gold pieces.
You spent 263 gold pieces at shops.

Inventory:

Hand Weapons
 a - a +1 long sword (weapon)
 I - a +4 spear
Armour
 b - a scarf of cloud immunity
 c - a +0 shield (worn)
 i - a +0 chain mail (worn)
 k - a +0 pair of boots (worn)
 A - a +1 hat (worn)
 F - a scarf of resistance (worn)
Jewellery
 d - an uncursed ring of magical power
 e - an uncursed ring of resist corrosion
 r - a ring of poison resistance (right hand)
 x - an amulet of regeneration (around neck)
 C - a +3 ring of evasion (left hand)
 Q - an uncursed amulet of harm
Wands
 j - a wand of lightning (1/15)
 D - a wand of enslavement (4/24)
 O - a wand of paralysis (9/24)
 U - a wand of lightning (4/15)
Scrolls
 g - 4 scrolls of remove curse
 h - 3 scrolls of fear
 m - a scroll of blinking
 o - a scroll of magic mapping
 q - a scroll of immolation {unknown}
 u - 3 scrolls of amnesia {unknown}
 w - a scroll of summoning {unknown}
 y - 3 scrolls of enchant weapon
 B - 4 scrolls of teleportation
 E - 3 scrolls of recharging {unknown}
 L - a scroll of fog
Potions
 l - a potion of might
 n - a potion of haste
 p - a potion of invisibility {unknown}
 s - 4 potions of curing
 H - a potion of heal wounds
 K - a potion of cancellation
 N - a potion of lignification {unknown}
 P - a potion of berserk rage {unknown}
Books
 z - a book of Necromancy

   Spells                             Type                      Level
   a - Pain                           Necromancy                   1
   b - Animate Skeleton               Necromancy                   1
   c - Vampiric Draining              Necromancy                   3
   d - Regeneration                   Charms/Necromancy            3
   e - Animate Dead                   Necromancy                   4
   f - Control Undead                 Necromancy                   4
 G - a book of Maledictions

   Spells                             Type                      Level
   a - Corona                         Hexes                        1
   b - Ensorcelled Hibernation        Hexes/Ice                    2
   c - Confuse                        Hexes                        3
   d - Tukima's Dance                 Hexes                        3
   e - Dazzling Spray                 Conjuration/Hexes            3
 M - a book of Cantrips

   Spells                             Type                      Level
   a - Confusing Touch                Hexes                        1
   b - Animate Skeleton               Necromancy                   1
   c - Summon Small Mammal            Summoning                    1
   d - Apportation                    Translocation                1
 T - a book of Enchantments

   Spells                             Type                      Level
   a - Cause Fear                     Hexes                        4
   b - Yara's Violent Unravelling     Hexes/Transmutation          5
   c - Silence                        Hexes/Air                    5
   d - Deflect Missiles               Charms/Air                   6
   e - Discord                        Hexes                        8
Comestibles
 f - 4 bread rations
 t - a royal jelly
 v - 4 meat rations
 J - 16 fruits
 R - 10 chunks of flesh


   Skills:
 + Level 8.2 Fighting
 + Level 10.0(9.9) Long Blades
 + Level 9.4 Armour
 + Level 4.8 Dodging
 + Level 1.0 Stealth
 + Level 9.2 Shields
 + Level 0.1 Evocations


You had 9 spell levels left.
You didn't know any spells.

Dungeon Overview and Level Annotations

Branches:
Dungeon (9/15)             Temple (1/1) D:4            Lair (0/6) D:8
    Orc: D:9-12

Altars:
Ashenzari
Cheibriados
Dithmenos
Elyvilon
Gozag
Hepliaklqana
Kikubaaqudgha
Makhleb
Okawaru
Qazlal
Ru
Sif Muna
Trog
Uskayaw
Vehumet
Xom
Yredelemnul
Zin
The Shining One

Shops:
D:4 [   D:5 !   D:7 *


Innate Abilities, Weirdness & Mutations

You reflexively headbutt those who attack you in melee.
You have a pair of horns on your head.


Message History

You feel much better. The orc warrior misses you.
The orc warrior unwields an uncursed arbalest.
You block the orc warrior's attack.
The orc knight hits you from afar with a halberd!
Unknown command.
The orc warrior no longer looks unusually strong. x2
The orc knight roars a battlecry!
The orc warriors go into a battle-frenzy!
The orc warrior closely misses you.
You slash the orc knight!
The orc knight is heavily wounded.
The orc knight no longer looks unusually strong.
The orc warrior hits you!
The orc knight hits you with a halberd!!
* * * LOW HITPOINT WARNING * * *
You hit the orc knight.
The orc knight is heavily wounded.
The orc warrior hits you from afar with a halberd!!
You die...

### #### ##∩#########
....##...##.(...##
≈≈≈..#...#..≈≈≈..#
≈o≈≈.......≈≈.≈≈.#
ooo≈.......≈oo)≈.'..
≈o≈≈....o@o≈≈o≈≈.#...
≈≈≈..#.o.#.o≈≈≈..# ..
.o.. #.∩.##.....## .
### ##∩######### ###


You could see 4 orc knights, 3 orc warriors and an orc.

Vanquished Creatures
  Pikel (D:5)
  Psyche (D:8)
  The ghost of JarielCorvus the Thaumaturge, a novice DEWz of Vehumet (D:6)
  Prince Ribbit (D:5)
  2 hippogriffs
  A wyvern (D:9)
  An orc warrior (D:9)
  3 ice beasts
  4 phantoms
  3 centaurs
  6 ogres
  A crocodile (D:8)
  2 bullfrogs
  A scorpion (D:9)
  6 killer bees (D:8)
  5 wights (D:5)
  An electric eel (D:8)
  4 crimson imps
  2 bullfrog zombies (D:6)
  2 quasits
  4 jellies
  3 orc wizards
  An iron imp (D:5)
  2 centaur skeletons
  Ijyb (D:4)
  6 worker ants
  9 adders
  A shadow imp (D:6)
  An ooze (D:1)
  A worm (D:2)
  2 dart slugs (D:1)
  5 leopard geckos
  24 orcs
  A ball python (D:5)
  5 bats
  3 giant cockroaches
  7 goblins
  A hobgoblin (D:2)
  2 jackals (D:8)
  2 kobolds
  7 quokkas
  5 frilled lizards
  A jackal skeleton (D:4)
  A leopard gecko zombie (D:3)
  8 rats
  2 bushes (D:4)
  4 plants (D:4)
157 creatures vanquished.

Vanquished Creatures (others)
  A phantom (D:5)
  2 slaves (D:5)
  A jelly (D:5)
  A shadow imp (D:5)
  An orc (D:5)
  2 quokkas
  A jackal zombie (D:5)
9 creatures vanquished.

Grand Total: 166 creatures vanquished

Notes
Turn   | Place    | Note
-------+----------+-------------------------------------------
     0 | D:1      | Peloso the Minotaur Fighter began the quest for the Orb.
     0 | D:1      | Reached XP level 1. HP: 19/19 MP: 0/0
    99 | D:1      | Reached XP level 2. HP: 25/27 MP: 1/1
   930 | D:2      | Reached XP level 3. HP: 32/33 MP: 2/2
  1489 | D:3      | Reached XP level 4. HP: 41/41 MP: 3/3
  1544 | D:3      | Found a white marble altar of Elyvilon.
  1703 | D:3      | Reached skill level 3 in Long Blades
  1916 | D:3      | Found a bloodstained altar of Trog.
  2165 | D:3      | Reached XP level 5. HP: 40/47 MP: 4/4
  2286 | D:3      | Reached skill level 1 in Dodging
  2368 | D:4      | Reached skill level 5 in Armour
  2368 | D:4      | Reached skill level 5 in Shields
  2501 | D:4      | Found a staircase to the Ecumenical Temple.
  2527 | Temple   | Entered the Ecumenical Temple
  2836 | D:4      | Found Duus's Antique Armour Shoppe.
  2843 | D:4      | Bought a glowing hat for 175 gold pieces
  2895 | D:4      | Found a basalt altar of Yredelemnul.
  2980 | D:4      | Found a shimmering altar of Xom.
  2997 | D:4      | Reached skill level 4 in Long Blades
  2997 | D:4      | Reached XP level 6. HP: 45/53 MP: 5/5
  3151 | D:4      | Noticed Ijyb
  3174 | D:4      | Killed Ijyb
  3380 | D:4      | Reached skill level 5 in Fighting
  3858 | D:5      | Entered Level 5 of the Dungeon
  3866 | D:5      | Reached XP level 7. HP: 61/61 MP: 6/6
  3870 | D:5      | Noticed Pikel
  3888 | D:5      | Killed Pikel
  3888 | D:5      | Reached skill level 5 in Long Blades
  3984 | D:5      | Reached XP level 8. HP: 70/70 MP: 7/7
  4168 | D:5      | Found a snail-covered altar of Cheibriados.
  4212 | D:5      | Noticed Prince Ribbit
  4332 | D:5      | Found Uruth's Distillery.
  4344 | D:5      | Bought a potion of curing for 33 gold pieces
  4344 | D:5      | Bought a potion of heal wounds for 55 gold pieces
  4366 | D:5      | Reached skill level 6 in Long Blades
  4489 | D:5      | Killed Prince Ribbit
  4845 | D:6      | Found a shadowy altar of Dithmenos.
  4846 | D:6      | Found a glowing silver altar of Zin.
  4846 | D:6      | Found a stormy altar of Qazlal.
  4880 | D:6      | Reached skill level 7 in Long Blades
  4894 | D:6      | Noticed JarielCorvus's ghost (novice DEWz)
  5018 | D:6      | Killed JarielCorvus's ghost
  5018 | D:6      | Reached XP level 9. HP: 42/79 MP: 8/8
  5351 | D:7      | Found Uklo's Assorted Antiques.
  5426 | D:7      | Reached skill level 8 in Long Blades
  5629 | D:7      | Found a faded altar of an unknown god.
  5629 | D:7      | Found an opulent altar of Gozag.
  5638 | D:7      | Found a bloodstained altar of Trog.
  5641 | D:7      | Found a faded altar of an unknown god.
  5642 | D:7      | Found a shattered altar of Ashenzari.
  6267 | D:8      | Noticed Psyche
  6287 | D:8      | Killed Psyche
  6287 | D:8      | Reached skill level 9 in Long Blades
  6538 | D:8      | Reached XP level 10. HP: 78/88 MP: 9/9
  6591 | D:8      | Found a staircase to the Lair.
  6702 | D:8      | Found an iron altar of Okawaru.
  6721 | D:8      | Became a worshipper of Warmaster Okawaru
  7113 | D:9      | Reached skill level 1 in Stealth
  7223 | D:9      | Reached skill level 10 in Long Blades
  7250 | D:9      | Found a flagged portal.
  7271 | Bailey   | Entered a bailey
  7271 | Bailey   | Noticed an orc knight
  7271 | Bailey   | Noticed an orc knight
  7275 | Bailey   | Noticed an orc knight
  7276 | Bailey   | Noticed an orc knight
  7284 | Bailey   | Noticed an orc knight
  7306 | Bailey   | Mangled by an orc warrior

Skill      XL: |  1  2  3  4  5  6  7  8  9 10 |
---------------+-------------------------------+-----
Armour         | 4 5 6 7 9 |  9.4
Shields        | 4 5 6 7 8 9 |  9.2
Fighting       | 4 5 6 7 8 |  8.2
Long Blades    | 3 4 5 7 9 10 | 10.0
Dodging        | 1 2 3 4 |  4.8
Stealth        | 1 |  1.0
Evocations     | |  0.1

Action                   |  1- 3 |  4- 6 |  7- 9 | 10-12 || total
-------------------------+-------+-------+-------+-------++-------
Melee: Long sword        |    68 |   320 |   295 |    71 ||   754
       Headbutt          |    10 |    80 |    68 |    20 ||   178
Evoke: Wand              |       |       |     2 |     7 ||     9
  Use: Potion            |       |     1 |       |     2 ||     3
       Scroll            |       |       |    14 |     1 ||    15
  Eat: Chunk             |     2 |     6 |     9 |     1 ||    18
       Royal jelly       |       |     1 |       |       ||     1
Armor: Scale mail        |    29 |   118 |    34 |       ||   181
       Chain mail        |     1 |       |    45 |    38 ||    84
Dodge: Dodged            |    24 |    72 |   126 |    47 ||   269
Block: Shield            |    22 |   114 |   169 |    60 ||   365
       Rpst.: Long sword |     7 |    20 |    33 |     8 ||    68
